 Dungeon Crawl Stone Soup version 0.29.1 (webtiles) character file.

Game seed: 8324867504086441048

45 Icepheonix32 the Covered (level 3, -1/30 HPs)
             Began as a Djinni Fighter on Sept 14, 2022.
             Slain by an orc
             ... wielding a +0 hand axe
              (2 damage)
             ... on level 3 of the Dungeon.
             The game lasted 00:02:43 (1758 turns).

Icepheonix32 the Covered (Djinni Fighter)           Turns: 1758, Time: 00:02:44

Health: -1/30      AC:  6    Str: 17    XL:     3   Next: 90%
Gold:   104        EV:  9    Int:  9    God:
                   SH:  4    Dex: 12

rFire   + + .      SeeInvis .   a - +0 war axe
rCold   x . .      Faith    .   c - +0 buckler
rNeg    . . .      Spirit   .   b - +0 scale mail
rPois   ∞          Reflect  .   (no helmet)
rElec   .          Harm     .   (no cloak)
rCorr   .          Rampage  .   (no gloves)
Will    .....                   (boots unavailable)
Stlth   ..........              (no amulet)
HPRegen 0.10/turn               (no ring)
MPRegen 0.00/turn               (no ring)

@: flying
A: sickness immunity, fire resistance 2, cold vulnerability 1, float, innate
caster, HP casting, extra vitality 1
a: no special abilities


You were on level 3 of the Dungeon.
You visited 1 branch of the dungeon, and saw 3 of its levels.

You collected 104 gold pieces.

Inventory:

Hand Weapons
 a - a +0 war axe (weapon)
Armour
 b - a +0 scale mail (worn)
 c - a +0 buckler (worn)
 h - a +0 chain mail
Scrolls
 e - a scroll of poison {unknown}
 f - a scroll of enchant armour {unknown}
 g - 2 scrolls of identify {unknown}
 l - a scroll of butterflies {unknown}
Potions
 d - a potion of might
 i - a potion of flight {unknown}
 j - a potion of invisibility {unknown}
 k - a potion of mutation {unknown}


   Skills:
 * Level 3.3 Fighting
 + Level 2.0 Axes
 + Level 3.4 Armour
 + Level 0.8 Dodging
 + Level 3.3 Shields


You had one spell level left.
You knew the following spells:

 Your Spells              Type           Power      Damage    Failure   Level
a - Beastly Appendage     Tmut           0%         N/A       87%         1
Your spell library was empty.

Dungeon Overview and Level Annotations

Branches:
Dungeon (3/15)

Altars:


Innate Abilities, Weirdness & Mutations

You are immune to sickness and miasma.
You are immune to poison.
Your flesh is very heat resistant. (rF++)
You are vulnerable to cold. (rC-)
You float through the air rather than walking.
You learn spells naturally, not from books.
Your magical power is your life essence.
You have superior vitality. (+4 MHP)


Message History

The orc is moderately wounded.
The orc hits you but does no damage. The orc barely misses you.
You barely miss the orc.
The orc is moderately wounded.
The orc hits you with a +0 hand axe.
* * * LOW HITPOINT WARNING * * *
You hit the orc but do no damage.
The orc is moderately wounded.
The orc hits you but does no damage. x2
You hit the orc.
The orc is severely wounded.
The orc closely misses you.
You closely miss the orc.
The orc is severely wounded.
The orc hits you but does no damage.
You closely miss the orc.
The orc is severely wounded.
The orc hits you but does no damage. The orc hits you with a +0 hand axe.
* * * LOW HITPOINT WARNING * * *
You hit the orc but do no damage.
The orc is severely wounded.
The orc hits you but does no damage.
You hit the orc but do no damage.
The orc is severely wounded.
The orc hits you with a +0 hand axe.
* * * LOW HITPOINT WARNING * * *
The orc barely misses you.
You barely miss the orc.
The orc is severely wounded.
You block the orc's attack.
You hit the orc but do no damage.
The orc is severely wounded.
You block the orc's attack. The orc closely misses you.
You barely miss the orc.
The orc is severely wounded.
The orc hits you but does no damage.
You barely miss the orc.
The orc is heavily wounded.
The orc hits you but does no damage. The orc hits you with a +0 hand axe.
You die...

##.###.....(... #.##
##......# ###.#
#####.###.#####.##....
.......#.#####..[..(.
#######..###........
#######<.##.#.....#
#.......)....#.#..#
#.######.##..#.#..#
#.# #.##..#o@..# #.##
#.##...)...# #..##
#.##>######.# #.#.##
#.##.# ..
#.###.###.##.# ... .#
##.##.##.# .. ##
##.#.##. . .## ##.##
<. #.###.## ##


You could see an orc.

Vanquished Creatures
  An adder (D:2)
  2 worms (D:2)
  9 endoplasms
  2 giant cockroaches (D:1)
  A goblin (D:2)
  2 hobgoblins
  2 kobolds (D:1)
  A quokka (D:1)
  A ball python (D:2)
  A bat (D:1)
  2 frilled lizards (D:1)
  5 rats
29 creatures vanquished.

Notes
Turn   | Place    | Note
-------+----------+-------------------------------------------
     0 | D:1      | Icepheonix32 the Djinni Fighter began the quest for the
                  | Orb.
     0 | D:1      | Reached XP level 1. HP: 20/20 MP: 0/0
    93 | D:1      | Found a faded altar of an unknown god.
   125 | D:1      | Reached XP level 2. HP: 25/25 MP: 0/0
   560 | D:1      | HP: 1/25 [frozen (3)]
  1036 | D:2      | Reached XP level 3. HP: 19/30 MP: 0/0
  1036 | D:2      | Learned a level 1 spell: Beastly Appendage
  1754 | D:3      | HP: 1/30 [orc/+0 hand axe (2)]
  1758 | D:3      | Slain by an orc

Illustrated notes

Levels and vault maps discovered:
D:1:      saegor_arrival_miasma, layout_basic,
          shapermc_ecumenical_altar_notcrosses
D:2:      layout_basic
D:3:      layout_loops_ring

Skill      XL: |  1  2  3 |
---------------+----------+-----
Axes           | 2 |  2.0
Fighting       | |  3.3
Armour         | |  3.4
Dodging        | |  0.8
Shields        | |  3.3

Action                   || total
-------------------------++-------
Melee: War axe           ||    97
Armor: Scale mail        ||    58
Dodge: Dodged            ||    44
Block: Buckler           ||    21
